 Dungeon Crawl Stone Soup version 5.6-49-g8abd877 (webtiles) character file.

511 HarryHood the Warrior (level 17, -1/119 HPs) *CASUAL*
             Began as a Gargoyle Fighter on Oct 7, 2018.
             Was the Champion of Qazlal.
             Slain by an orc sorcerer (4 damage)
             ... while paralysed by an orc sorcerer
             ... on level 2 of the Orcish Mines.
             The game lasted 01:17:47 (15895 turns).

HarryHood the Warrior (Gargoyle Fighter)           Turns: 15895, Time: 01:17:48

Health: -1/119     AC: 40 (50%)Str: 29  XL:     17   Next: 37%
Magic:  26/26      EV:  2    Int: 13    God:    Qazlal [6*[177]]
Gold:   1126       SH:  0    Dex: 18    Spells: 27/27 levels left

rFire    + . .     SeeInvis .   a - +2 morningstar (elec)
rCold    + + .     Faith    .   f - +2 shield {rC+}
rNeg     + . .     Spirit   .   z - +0 plate armour
rPois    ∞         Reflect  .   x - +0 helmet
rElec    +                      y - +0 cloak
rCorr    .                      g - +2 pair of gloves {Dex+3}
MR       +....                  C - +1 pair of boots
Stlth    ..........             (no amulet)
Regen    0.3/turn               A - ring of the Tired Blessings {rC+ Str+4 Int+3 Dex+5}
MPRegen  0.3/turn               s - +3 ring of protection

@: paralysed, protected from fire, flying, repel missiles
A: big wings, negative energy resistance 1, electricity resistance, unbreathing,
petrification resistance, rot immunity, AC +12
a: Stop Flying, Upheaval, Cloud Surge, Disaster Area, Renounce Religion


You were on level 2 of the Orcish Mines.
You worshipped Qazlal.
Qazlal was exalted by your worship.
You were not hungry.

You visited 3 branches of the dungeon, and saw 18 of its levels.
You visited the bazaar 2 times.
You also visited: Sewer.

You collected 2036 gold pieces.
You spent 910 gold pieces at shops.

Inventory:

Hand Weapons
 a - a +2 morningstar of electrocution (weapon)
 B - the +8 spear of the Forest {freeze, +Rage rPois rC+}
   (You found it on level 11 of the Dungeon)

   It has been specially enchanted to freeze those struck by it, causing extra
   injury to most foes and up to half again as much damage against particularly
   susceptible opponents.
   It can also slow down cold-blooded creatures.
   It protects you from cold.
   It protects you from poison.
   It lets you go berserk.
Missiles
 p - 202 tomahawks (quivered)
Armour
 f - a +2 shield of cold resistance (worn)
 g - a +2 pair of gloves of dexterity (worn)
 x - a +0 helmet (worn)
 y - a +0 cloak (worn)
 z - a +0 plate armour (worn)
 C - a +1 pair of boots (worn)
 D - +0 acid dragon scales
 F - a +2 plate armour of positive energy
Jewellery
 b - an uncursed ring of resist corrosion
 s - a +3 ring of protection (right hand)
 A - the ring of the Tired Blessings (left hand) {rC+ Str+4 Int+3 Dex+5}
   (You bought it in a shop in a bazaar)

   [ring of dexterity]

   It affects your strength (+4).
   It affects your intelligence (+3).
   It affects your dexterity (+5).
   It protects you from cold.
Wands
 v - a wand of digging (17)
Scrolls
 c - 6 scrolls of teleportation {@r0}
 e - 2 scrolls of blinking {@r7}
 o - 4 scrolls of fear
 t - 3 scrolls of amnesia
 u - 2 scrolls of magic mapping {@r5}
 w - a scroll of summoning
 G - a scroll of enchant armour
Potions
 d - 3 potions of augmentation
 h - 4 potions of lignification
 i - 2 potions of cancellation
 j - 2 potions of resistance
 k - 2 potions of flight
 l - 7 potions of ambrosia
 m - 3 potions of haste
 n - 2 potions of magic
 q - 3 potions of heal wounds {@q1}
 r - 4 potions of mutation
 E - 2 potions of berserk rage


   Skills:
 + Level 17.9 Fighting
 - Level 16.0 Maces & Staves
 * Level 11.5 Armour
 - Level 15.0 Shields
 + Level 11.5 Invocations


You had 27 spell levels left.
You didn't know any spells.
Your spell library contained the following spells:

 Spells                   Type           Power        Failure   Level  Hunger
 Conjure Flame            Fire/Air       0 (100)      100%        3    N/A
 Freezing Cloud           Ice/Air        0 (200)      100%        6    N/A
 Mephitic Cloud           Hex/Air        0 (100)      100%        4    N/A
 Ring of Flames           Chrm/Fire      0 (200)      100%        7    N/A
 Summon Ice Beast         Ice/Summ       0 (100)      100%        4    N/A
 Ozocubu's Armour         Chrm/Ice       0 (100)      100%        4    N/A
 Regeneration             Chrm/Necr      0 (200)      100%        3    N/A
 Throw Icicle             Ice            0 (100)      100%        4    N/A
 Call Canine Familiar     Summ           0 (100)      100%        3    N/A
 Summon Butterflies       Summ           0 (100)      91%         1    N/A
 Static Discharge         Air            0 (100)      100%        3    N/A
 Sandblast                Erth           0 (25)       91%         1    N/A
 Summon Hydra             Summ           0 (200)      100%        7    N/A
 Iskenderun's Battlesphe  Chrm/Summ      0 (100)      100%        5    N/A
 Infusion                 Chrm           0 (25)       91%         1    N/A
 Song of Slaying          Chrm           0 (100)      97%         2    N/A
 Spectral Weapon          Chrm/Summ      0 (100)      100%        5    N/A
 Searing Ray              Fire           0 (50)       97%         2    N/A
 Summon Mana Viper        Hex/Summ       0 (100)      100%        5    N/A

Dungeon Overview and Level Annotations

Branches:
Dungeon (15/15)            Shoals (0/3) Orc:2         Slime (0/3) Orc:2
    Orc (2/2) D:15         Vaults (0/3) D:15         Depths (0/3) D:15
 Bazaar (1/1)
  Snake: Orc:2       Spider: Orc:2

Altars:
Cheibriados
Dithmenos
Elyvilon
Gozag
Jiyva
Kikubaaqudgha
Lugonu
Makhleb
Nemelex Xobeh
Okawaru
Qazlal
Ru
Sif Muna
Trog
Uskayaw
Vehumet
Wu Jian
Xom
Yredelemnul
Zin
The Shining One

Shops:
Bazaar ?*[}*

Annotations:
D:11 1 runed door


Innate Abilities, Weirdness & Mutations

You are resistant to torment.
Your stone body is resilient. (AC +12)
You are immune to poison.
Your large and strong wings let you fly indefinitely.
You resist negative energy. (rN+)
You are resistant to electric shocks. (rElec)
You can survive without breathing.
You are immune to petrification.
You are immune to rotting.


Message History

The orc priest calls upon Beogh to heal the orc sorcerer.
The orc sorcerer is healed somewhat.
The orc warrior barely misses you. The orc sorcerer hits you (6).
You feel protected from physical attacks.
The orc warrior hits you but does no damage.
The orc sorcerer points at you and mumbles some strange words.
Helpless, you fail to dodge the bolt of fire.
That hurt (5)!
Your resistance to physical damage fades away.
You feel protected from fire.
* * * LOW HITPOINT WARNING * * *
The orc warrior hits you but does no damage.
The orc priest mumbles some strange prayers to Beogh against you.
Beogh smites you (15)!
* * * LOW HITPOINT WARNING * * *
The orc priest mumbles some strange prayers to Beogh against you.
Beogh smites you (15)!
* * * LOW HITPOINT WARNING * * *
The orc sorcerer hits you (4).
You die...

▓▓▓▓..).# ...'...)##
▓▓▓▓##...######## ▓▓▓▓
#.)...#..#.# ▓..▓
##........# ').▓
#.##.....# ▒▒ ▓..▓
#..#...### o.▒▒
▓▓▓▓▓##..##...##▒▒o...▒
▓...▓#..####..#.@ooo."▒
▓...▓.### ##..#▒▒o...▒
▓▓'▓▓## #### ..▒▒ ...▓
▒▒ ▓▓▓▓ ▒▒ ▒▒▒▒▒ .▒▒▒
▒▒...▒▒ ...▒▒▒▒.....▒▒
....▒▒.......▒▒


You could see an orc sorcerer, an orc warrior, 3 orc priests and an orc.

Vanquished Creatures
  Saint Roka (Orc:2)
  Rupert (Orc:2)
  A plutonium crab (shapeshifter) (D:15)
  An orc warlord (Orc:2)
  2 ogre magi
  A rakshasa (D:15)
  A catoblepas (D:13)
  4 hydras
  3 centaur warriors
  2 dancing weapons (D:15)
  7 two-headed ogres
  6 orc high priests
  2 death yaks
  An unseen horror (D:11)
  A wizard (D:14)
  5 orc sorcerers
  3 deep elf magi
  4 orc knights
  3 cyclopes
  16 ugly things
  3 manticores
  Joseph (D:9)
  5 centaur zombies
  A torpor snail (D:15)
  A black mamba (D:7)
  4 spiny frogs
  3 yaktaurs (D:15)
  An efreet (D:14)
  An ancient zyme (shapeshifter) (D:13)
  6 meliai (D:13)
  9 trolls
  A queen bee (D:13)
  5 slime creatures
  13 blink frogs
  A meliai zombie (D:14)
  A flying skull (shapeshifter) (D:15)
  3 yaks (D:9)
  3 shadows
  A vampire (D:14)
  3 wyverns
  5 wraiths
  Eustachio (D:4)
  2 steam dragons
  3 angry ghosts
  A soldier ant (D:11)
  6 wargs
  2 acid dragons
  A water moccasin (D:9)
  4 spiny frog zombies
  Duvessa (D:4)
  2 spiny frog skeletons
  37 orc warriors
  6 ice beasts
  13 ogres
  11 centaurs
  5 boggarts (D:15)
  A blink frog skeleton (D:12)
  3 big kobolds (Sewer)
  A rime drake skeleton (D:10)
  2 wyvern zombies
  A spiny frog simulacrum (D:9)
  Dowan (D:4)
  A water moccasin zombie (D:9)
  3 wyvern skeletons
  3 scorpions
  A water moccasin skeleton (D:8)
  39 killer bees
  5 crimson imps
  17 wights
  3 howler monkeys
  6 lava snakes (D:9)
  4 quasits
  2 wasp zombies
  4 hounds
  4 jellies
  A gnoll shaman (D:6)
  25 orc priests
  10 centaur skeletons
  Terence (D:3)
  Natasha (twice) (D:4)
  16 orc wizards
  9 worker ants
  2 iguanas
  2 hound skeletons
  5 gnolls (D:6)
  A gnoll (shapeshifter) (D:15)
  6 adders
  4 oozes
  7 dart slugs
  86 orcs
  9 quokkas
  4 ball pythons
  7 giant cockroaches
  6 goblins
  5 hobgoblins
  10 jackals
  2 bats (D:1)
  2 frilled lizards
  10 kobolds
  14 rats
  3 butterflies (D:11)
581 creatures vanquished.

Vanquished Creatures (others)
  5 orcs
  A fungus (D:13)
  3 plants (D:13)
9 creatures vanquished.

Grand Total: 590 creatures vanquished

Notes
Turn   | Place    | Note
-------+----------+-------------------------------------------
     0 | D:1      | HarryHood the Gargoyle Fighter began the quest for the Orb.
     0 | D:1      | Reached XP level 1. HP: 14/14 MP: 2/2
    99 | D:1      | Reached XP level 2. HP: 19/19 MP: 3/3
   208 | D:1      | Reached skill level 3 in Maces & Staves
   303 | D:1      | Reached XP level 3. HP: 23/23 MP: 4/4
   975 | D:2      | Reached skill level 4 in Maces & Staves
   979 | D:2      | Found a faded altar of an unknown god.
   988 | D:2      | Reached XP level 4. HP: 23/28 MP: 6/6
  1160 | D:2      | Found a glowing golden altar of the Shining One.
  1221 | D:2      | Found a stormy altar of Qazlal.
  1226 | D:2      | Became a worshipper of Qazlal Stormbringer
  1436 | D:2      | Reached skill level 5 in Maces & Staves
  1463 | D:2      | Reached XP level 5. HP: 32/32 MP: 7/7
  1630 | D:3      | Found an iron altar of Okawaru.
  1639 | D:3      | Found a sacrificial altar of Ru.
  1664 | D:3      | Noticed a dagger
  1664 | D:3      | Noticed a hand axe
  1665 | D:3      | Found a hide-covered altar of Uskayaw.
  1724 | D:3      | Noticed Terence
  1735 | D:3      | Killed Terence
  1735 | D:3      | Reached skill level 6 in Maces & Staves
  1805 | D:3      | Reached XP level 6. HP: 37/37 MP: 8/8
  1811 | D:3      | Found a deep blue altar of Sif Muna.
  1910 | D:3      | Reached skill level 4 in Fighting
  2219 | D:3      | Found a sparkling altar of Nemelex Xobeh.
  2222 | D:3      | Found a basalt altar of Yredelemnul.
  2222 | D:3      | Found a shadowy altar of Dithmenos.
  2245 | D:3      | Reached skill level 5 in Fighting
  2245 | D:3      | Reached XP level 7. HP: 44/44 MP: 10/10
  2253 | D:3      | Reached * piety under Qazlal
  2420 | D:4      | Reached skill level 6 in Fighting
  2508 | D:4      | Found a radiant altar of Vehumet.
  2587 | D:4      | Found a glowing drain.
  2624 | Sewer    | Entered a sewer
  2679 | Sewer    | Reached skill level 7 in Maces & Staves
  2690 | Sewer    | Reached skill level 8 in Maces & Staves
  2690 | Sewer    | Reached XP level 8. HP: 50/51 MP: 11/11
  3077 | D:4      | Noticed Eustachio
  3078 | D:4      | Noticed Natasha
  3089 | D:4      | Killed Natasha
  3092 | D:4      | Killed Eustachio
  3092 | D:4      | Reached skill level 9 in Maces & Staves
  3372 | D:4      | Noticed Natasha
  3375 | D:4      | Killed Natasha
  3375 | D:4      | Reached skill level 7 in Fighting
  3375 | D:4      | Reached XP level 9. HP: 57/57 MP: 12/12
  3439 | D:4      | Noticed Duvessa
  3439 | D:4      | Noticed Dowan
  3449 | D:4      | Killed Duvessa
  3449 | D:4      | Reached skill level 8 in Fighting
  3474 | D:4      | Killed Dowan
  3818 | D:5      | Entered Level 5 of the Dungeon
  3838 | D:5      | Found a bloodstained altar of Trog.
  3852 | D:5      | Reached ** piety under Qazlal
  3880 | D:5      | Reached skill level 9 in Fighting
  3904 | D:5      | Reached skill level 4 in Armour
  3947 | D:5      | Found an opulent altar of Gozag.
  3964 | D:5      | Found a glowing silver altar of Zin.
  4050 | D:5      | Found a viscous altar of Jiyva.
  4089 | D:5      | Found a shimmering altar of Xom.
  4122 | D:5      | Found an ornate altar of the Wu Jian Council.
  4214 | D:5      | Reached skill level 5 in Armour
  4500 | D:5      | Found a snail-covered altar of Cheibriados.
  4740 | D:6      | Found an ancient bone altar of Kikubaaqudgha.
  4801 | D:6      | Reached skill level 6 in Armour
  4891 | D:6      | Found a snail-covered altar of Cheibriados.
  4932 | D:6      | Reached skill level 4 in Shields
  4935 | D:6      | Reached skill level 10 in Fighting
  4935 | D:6      | Reached XP level 10. HP: 68/68 MP: 13/13
  4942 | D:6      | Found a burning altar of Makhleb.
  5026 | D:6      | Reached skill level 5 in Shields
  5324 | D:6      | Reached skill level 6 in Shields
  5343 | D:6      | Reached skill level 1 in Invocations
  5423 | D:6      | Found a corrupted altar of Lugonu.
  5442 | D:6      | Found a white marble altar of Elyvilon.
  5610 | D:7      | Reached skill level 2 in Invocations
  5736 | D:7      | Reached skill level 3 in Invocations
  5741 | D:7      | Reached *** piety under Qazlal
  5917 | D:7      | Reached skill level 10 in Maces & Staves
  5939 | D:7      | Noticed a death yak
  5964 | D:7      | Killed a death yak
  5964 | D:7      | Reached skill level 11 in Fighting
  5964 | D:7      | Reached skill level 4 in Invocations
  5964 | D:7      | Reached XP level 11. HP: 54/74 MP: 15/15
  6046 | D:7      | Reached skill level 11 in Maces & Staves
  6452 | D:8      | Reached skill level 5 in Invocations
  7251 | D:9      | Reached skill level 12 in Maces & Staves
  7251 | D:9      | Reached skill level 6 in Invocations
  7289 | D:9      | Reached skill level 12 in Fighting
  7303 | D:9      | Noticed Joseph
  7316 | D:9      | Killed Joseph
  7491 | D:9      | Reached XP level 12. HP: 79/81 MP: 17/17
  7498 | D:9      | Reached **** piety under Qazlal
  7556 | D:9      | Reached skill level 13 in Maces & Staves
  8431 | D:10     | Entered Level 10 of the Dungeon
  8561 | D:10     | Reached skill level 13 in Fighting
  8770 | D:10     | Noticed a death yak
  8790 | D:10     | Killed a death yak
  8790 | D:10     | Reached skill level 14 in Maces & Staves
  9070 | D:10     | Noticed an ogre mage
  9078 | D:10     | Killed an ogre mage
  9078 | D:10     | Reached skill level 7 in Shields
  9171 | D:11     | Reached skill level 8 in Shields
  9171 | D:11     | Reached XP level 13. HP: 71/88 MP: 18/18
  9179 | D:11     | Reached ***** piety under Qazlal
  9179 | D:11     | Reached skill level 9 in Shields
  9212 | D:11     | Reached skill level 14 in Fighting
  9217 | D:11     | Reached skill level 10 in Shields
  9419 | D:11     | Found a gateway to a bazaar.
  9434 | Bazaar   | Entered a bazaar
  9434 | Bazaar   | Found Kuruoh's Gadget Emporium.
  9436 | Bazaar   | Found Ymulov's Armour Boutique.
  9458 | Bazaar   | Found Doushrate's General Store.
  9466 | Bazaar   | Bought the ring of the Tired Blessings {rC+ Str+4 Int+3 Dex+5} for 768 gold pieces
  9480 | Bazaar   | Found Nunius's Magic Scroll Shop.
  9492 | Bazaar   | Bought a scroll of enchant armour for 142 gold pieces
  9625 | D:11     | Found a runed door.
  9627 | D:11     | Got the +8 spear of the Forest {freeze, +Rage rPois rC+}
  9641 | D:11     | Found a runed door.
  9952 | D:12     | Reached skill level 11 in Shields
 10091 | D:12     | Noticed an ogre mage
 10103 | D:12     | Reached skill level 12 in Shields
 10106 | D:12     | Gained mutation: Your large and strong wings let you fly indefinitely. [Gargoyle growth]
 10106 | D:12     | Reached XP level 14. HP: 70/96 MP: 21/21
 10116 | D:12     | Reached skill level 15 in Fighting
 10579 | D:12     | Reached skill level 15 in Maces & Staves
 11545 | D:13     | Reached skill level 16 in Maces & Staves
 11607 | D:13     | Reached XP level 15. HP: 104/104 MP: 22/22
 12167 | D:14     | Reached skill level 16 in Fighting
 12232 | D:14     | Reached skill level 7 in Invocations
 12475 | D:14     | Reached skill level 13 in Shields
 13014 | D:15     | Entered Level 15 of the Dungeon
 13088 | D:15     | Reached skill level 8 in Invocations
 13092 | D:15     | Reached ****** piety under Qazlal
 13103 | D:15     | Reached skill level 14 in Shields
 13118 | D:15     | Found a staircase to the Orcish Mines.
 13271 | D:15     | Reached XP level 16. HP: 69/112 MP: 22/24
 13377 | D:15     | Found a gate to the Vaults.
 13415 | D:15     | Reached skill level 9 in Invocations
 13489 | D:15     | Noticed a plutonium crab
 13489 | D:15     | an entropy weaver changed into a plutonium crab
 13493 | D:15     | Killed a plutonium crab
 13493 | D:15     | Reached skill level 15 in Shields
 13679 | D:15     | Reached skill level 17 in Fighting
 13685 | D:15     | Found a staircase to the Depths.
 13798 | Orc:1    | Entered Level 1 of the Orcish Mines
 13821 | Orc:1    | Reached skill level 7 in Armour
 14283 | Orc:2    | Entered Level 2 of the Orcish Mines
 14314 | Orc:2    | Noticed Rupert
 14321 | Orc:2    | Reached skill level 8 in Armour
 14321 | Orc:2    | Reached skill level 10 in Invocations
 14327 | Orc:2    | Killed Rupert
 14330 | Orc:2    | Found a staircase to the Shoals.
 14356 | Orc:2    | Reached skill level 9 in Armour
 14749 | Orc:2    | Found a gateway to a bazaar.
 14970 | Orc:2    | Reached skill level 10 in Armour
 15128 | Orc:2    | Reached XP level 17. HP: 118/118 MP: 26/26
 15164 | Orc:2    | Noticed Saint Roka
 15168 | Orc:2    | Reached skill level 11 in Invocations
 15204 | Orc:2    | HP: 10/118 [orc priest/divine providence (12)]
 15210 | Orc:2    | Killed Saint Roka
 15543 | Orc:2    | Reached skill level 11 in Armour
 15865 | Orc:2    | Found a staircase to the Slime Pits.
 15892 | Orc:2    | Paralysed by an orc sorcerer for 5 turns
 15895 | Orc:2    | HP: 3/119 [orc priest/divine providence (15)]
 15895 | Orc:2    | Slain by an orc sorcerer

Skill      XL: |  1  2  3  4  5  6  7  8  9 10 11 12 13 14 15 16 17 |
---------------+----------------------------------------------------+-----
Maces & Staves | 3 4 5 6 8 9 10 12 14 16 | 16.0
Fighting       | 5 6 7 10 11 12 13 14 15 16 17 | 17.9
Armour         | 6 10 11 | 11.5
Shields        | 4 6 8 12 14 15 | 15.0
Invocations    | 4 6 8 10 11 | 11.5

Action                   |  1- 3 |  4- 6 |  7- 9 | 10-12 | 13-15 | 16-18 || total
-------------------------+-------+-------+-------+-------+-------+-------++-------
Melee: Flail             |    72 |   170 |   347 |   197 |       |       ||   786
       Morningstar       |       |       |       |   268 |   580 |   440 ||  1288
Invok: Cloud Surge       |       |       |       |       |     1 |     1 ||     2
 Abil: Fly               |       |       |       |       |     1 |       ||     1
  Use: Scroll            |       |       |       |     3 |     1 |     1 ||     5
       Potion            |       |       |       |       |     4 |     2 ||     6
Armor: Scale mail        |    48 |    47 |       |       |       |       ||    95
       Chain mail        |       |     7 |   174 |   128 |       |       ||   309
       Plate armour      |       |       |       |    38 |   149 |    80 ||   267
Dodge: Dodged            |    29 |    33 |    48 |    56 |    59 |    22 ||   247
       Deflected         |       |       |       |       |     9 |       ||     9
Block: Shield            |    36 |    86 |   281 |   454 |   758 |   440 ||  2055
